 Dungeon Crawl Stone Soup version 0.27-a0-931-g5a74e75d8f (webtiles) character file.

Game seed: 6138589208857058416

19009 Gorgondantess the Thaumaturge (level 12, -1/85 HPs)
             Began as a Djinni Ice Elementalist on Apr 11, 2021.
             Was an Elder of Dithmenos.
             Slain by a five-headed hydra (9 damage)
             ... on level 1 of the Lair of Beasts.
             The game lasted 00:38:21 (11980 turns).

Gorgondantess the Thaumaturge (DjIE)               Turns: 11980, Time: 00:38:21

Health: -1/85      AC:  7    Str: 13    XL:     12   Next: 64%
Gold:   824        EV: 14    Int: 25    God:    Dithmenos [****..] SH:  0 Dex: 14

rFire    + + .     SeeInvis .   z - +0 demon blade (pain)
rCold    x . .     Faith    .   (no shield)
rNeg     + . .     Spirit   .   A - +0 troll leather armour {Purgy}
rPois    ∞         Reflect  .   w - +0 hat {Int+3}
rElec    .         Harm     .   f - +1 cloak
rCorr    .         Rampage  .   (no gloves)
Will     +....                  (boots unavailable)
Stlth    ++++......             (no amulet)
HPRegen  1.24/turn              y - ring of positive energy
MPRegen  0.00/turn              a - +6 ring of strength

@: flying, wreathed by umbra
A: fire resistance 2, cold vulnerability 1, float, innate caster, hp casting,
extra vitality 1
a: Renounce Religion, Shadow Step


You were on level 1 of the Lair of Beasts.
You worshipped Dithmenos.
Dithmenos was greatly pleased with you.
You visited 3 branches of the dungeon, and saw 13 of its levels.
You also visited: Sewer.

You collected 824 gold pieces.

Inventory:

Hand Weapons
 g - a +0 short sword
 l - a +0 trident
 q - a +2 flail of draining
 z - a +0 demon blade of pain (weapon)
 H - a +5 war axe
 I - a +3 flail
Missiles
 u - a curare-tipped dart
 B - 47 poisoned darts
Armour
 f - a +1 cloak (worn)
 v - a +0 kite shield
 w - a +0 hat of intelligence (worn)
 A - a +0 troll leather armour (worn) {Purgy}
Jewellery
 a - a +6 ring of strength (right hand)
 k - a ring of poison resistance
 y - a ring of positive energy (left hand)
 F - a ring of protection from fire
Wands
 m - a wand of acid (5)
 o - a wand of iceblast (12)
 p - a wand of polymorph (41)
Scrolls
 c - 9 scrolls of teleportation
 h - 4 scrolls of fear
 i - 2 scrolls of enchant armour
 n - 2 scrolls of magic mapping
 s - 2 scrolls of fog
 G - a scroll of vulnerability
Potions
 b - 2 potions of invisibility
 d - 3 potions of berserk rage
 e - 3 potions of attraction
 j - 3 potions of might
 r - 5 potions of curing
 t - 2 potions of heal wounds {unknown}
 x - a potion of lignification
 C - a potion of ambrosia {unknown}
 D - 2 potions of mutation {unknown}
 E - a potion of haste


   Skills:
 * Level 7.1 Fighting
 + Level 4.7 Armour
 + Level 5.8 Dodging
 + Level 4.7 Stealth
 * Level 14.4 Spellcasting


You had 11 spell levels left.
You knew the following spells:

 Your Spells              Type           Power      Damage    Failure   Level
a - Freeze                Ice            100%       1d11      0%          1
b - Frozen Ramparts       Ice            100%       1d12      1%          3
c - Ozocubu's Armour      Ice            74%        N/A       1%          3
d - Hailstorm             Conj/Ice       74%        3d15      1%          4
e - Summon Ice Beast      Ice/Summ       74%        N/A       1%          4
f - Pain                  Necr           100%       1d9       0%          1
g - Passwall              Tmut/Erth      61%        N/A       0%          2
h - Conjure Flame         Conj/Fire      74%        6-21      1%          3
i - Alistair's Intoxicat  Tmut/Pois      49%        N/A       1%          5
s - Searing Ray           Conj           100%       3d7       0%          2
Your spell library was empty.

Dungeon Overview and Level Annotations

Branches:
Dungeon (11/15)            Temple (1/1) D:5            Lair (1/6) D:11
  Sewer (visited)
    Orc: D:9-12

Altars:
Ashenzari
Cheibriados
Dithmenos
Elyvilon
Fedhas
Gozag
Hepliaklqana
Kikubaaqudgha
Makhleb
Nemelex Xobeh
Okawaru
Qazlal
Ru
Sif Muna
Trog
Uskayaw
Vehumet
Wu Jian
Xom
Yredelemnul
Zin
The Shining One

Shops:
D:4 :   D:10 *(

Portals:
Trove: D:11 (give 6 scrolls of blinking)


Innate Abilities, Weirdness & Mutations

You are immune to poison.
Your flesh is very heat resistant. (rF++)
You are vulnerable to cold. (rC-)
You float through the air rather than walking.
You learn spells naturally, not from books.
Your magical power is your life essence.
You have superior vitality. (+4 HP)


Message History

Unknown command.
Unknown command.
Casting: Hailstorm (safe; 1% risk of failure)
Confirm with . or Enter, or press ? or * to list all spells.
Casting: Frozen Ramparts (safe; 1% risk of failure)
Press: ? - help, Dir - look around, f - activate This square is wreathed by an umbra.
The walls around you are covered in ice.
The wall freezes the four-headed hydra!
The four-headed hydra bites you! x2
The four-headed hydra bites you but does no damage.
The four-headed hydra bites you.
You hack one of the four-headed hydra's heads off!
The three-headed hydra grows two more!
You slash the five-headed hydra!
The five-headed hydra is heavily wounded.
The wall freezes the five-headed hydra!
The five-headed hydra bites you!
The five-headed hydra closely misses you.
The five-headed hydra barely misses you.
The five-headed hydra closely misses you.
The five-headed hydra misses you.
The wall freezes the five-headed hydra.
The five-headed hydra bites you! The five-headed hydra bites you.
The five-headed hydra closely misses you.
The five-headed hydra bites you. The five-headed hydra bites you!
* * * LOW HITPOINT WARNING * * *
Unknown command.
Your frozen ramparts will break if you move.
Continue?
The frozen ramparts melt away as you move.
Casting: Frozen Ramparts (safe; 1% risk of failure)
Confirm with . or Enter, or press ? or * to list all spells.
Aiming: Freeze (safe; 0% risk of failure)
Press: ? - help, Shift-Dir - straight line, f - five-headed hydra
Aim: a five-headed hydra (heavily wounded, umbra)
You freeze the five-headed hydra.
The five-headed hydra is heavily wounded.
The five-headed hydra bites you. The five-headed hydra bites you!
* * * LOW HITPOINT WARNING * * *
The five-headed hydra bites you!
* * * LOW HITPOINT WARNING * * *
The five-headed hydra bites you but does no damage.
The five-headed hydra bites you!
You die...

#......#......##.+#.#
#...÷..+......#.....##
#...........##........
#......#....#..#.#....
#..........#.[........
#......#÷#.#.........†
#.........##..........
###.....###.#..##.♣.♣.##
.......@#...#..........#
#######D#...'..#...♣....
#.................
#........##.♣.♣.#.
#$#...............
#.#....#..........
..#....#..##....#
#..#.....#... ..#.
##..#######... .


You could see a five-headed hydra.

Vanquished Creatures
  Gastronok (Lair:1)
  Josephine (D:11)
  2 two-headed ogres (D:10)
  2 death yaks
  A black mamba (Lair:1)
  Joseph (D:9)
  3 orange demons (D:10)
  2 komodo dragons
  An unseen horror (D:10)
  2 red devils (D:10)
  A troll (D:10)
  Prince Ribbit (D:7)
  Sigmund (D:2)
  A shadow (D:10)
  A wyvern (D:9)
  5 wraiths (D:11)
  16 yaks
  Grum (D:8)
  4 steam dragons
  6 vampire mosquitoes (D:11)
  Purgy (Sewer)
  2 water moccasins
  2 black bears
  An orc warrior (D:11)
  An ice beast (D:5)
  2 sky beasts
  2 ogres (D:6)
  9 wolves
  6 centaurs
  2 kobold brigands
  5 bullfrogs
  Blork the orc (D:5)
  2 gnoll sergeants
  A wyvern zombie (D:6)
  3 scorpions
  2 water moccasin zombies (D:7)
  9 killer bees
  2 wights (D:7)
  5 howler monkeys
  2 electric eels (D:9)
  2 centaur zombies
  2 hounds
  2 jellies
  5 orc priests
  2 bullfrog skeletons
  3 iguanas
  5 orc wizards
  A hound skeleton (D:5)
  A howler monkey skeleton (D:4)
  7 gnolls
  12 adders
  A white imp (D:5)
  An adder skeleton (D:4)
  3 worms (D:2)
  A dart slug (D:3)
  37 orcs
  6 ball pythons
  6 bats
  2 bat zombies (D:7)
  10 endoplasms
  4 giant cockroaches
  10 hobgoblins
  9 jackals
  11 kobolds
  3 quokkas
  6 frilled lizards
  2 goblins (D:2)
  4 rats
  3 rat zombies (D:7)
274 creatures vanquished.

Vanquished Creatures (collateral kills)
  A death yak (Lair:1)
  A manticore (D:11)
  2 yaks
  Menkaure (D:6)
  2 wights (D:7)
  An iguana (D:6)
8 creatures vanquished.

Vanquished Creatures (others)
  13 plants (D:11)
13 creatures vanquished.

Grand Total: 295 creatures vanquished

Notes
Turn   | Place    | Note
-------+----------+-------------------------------------------
     0 | D:1      | Gorgondantess the Djinni Ice Elementalist began the quest
                  | for the Orb.
     0 | D:1      | Reached XP level 1. HP: 15/15 MP: 0/0
   270 | D:1      | Reached XP level 2. HP: 20/21 MP: 0/0
   347 | D:1      | Found a faded altar of an unknown god.
   354 | D:1      | Reached skill level 4 in Spellcasting
   720 | D:1      | Reached XP level 3. HP: 22/26 MP: 0/0
   720 | D:1      | Learned a level 1 spell: Pain
  1405 | D:2      | Found a shimmering altar of Xom.
  1748 | D:2      | Reached XP level 4. HP: 26/31 MP: 0/0
  2480 | D:2      | Noticed Sigmund
  2487 | D:2      | Killed Sigmund
  2488 | D:2      | Reached skill level 1 in Fighting
  2488 | D:2      | Reached skill level 5 in Spellcasting
  2488 | D:2      | Reached XP level 5. HP: 17/37 MP: 0/0
  2488 | D:2      | Learned a level 2 spell: Passwall
  2488 | D:2      | Reached XP level 6. HP: 20/42 MP: 0/0
  3394 | D:3      | Reached skill level 6 in Spellcasting
  3797 | D:3      | Reached skill level 1 in Armour
  4205 | D:3      | Found a broken altar of Ashenzari.
  4335 | D:4      | Reached XP level 7. HP: 30/48 MP: 0/0
  4335 | D:4      | Learned a level 2 spell: Searing Ray
  4671 | D:4      | Found Memyrog's Book Shoppe.
  5007 | D:4      | Found a sacrificial altar of Ru.
  5450 | D:4      | Found a hide-covered altar of Uskayaw.
  5450 | D:4      | Found an opulent altar of Gozag.
  5476 | D:4      | Reached skill level 7 in Spellcasting
  5856 | D:5      | Entered Level 5 of the Dungeon
  5856 | D:5      | Noticed Blork the orc
  5859 | D:5      | Killed Blork the orc
  5910 | D:5      | Reached XP level 8. HP: 29/55 MP: 0/0
  6226 | D:5      | Found a glowing drain.
  6264 | Sewer    | Entered a sewer
  6364 | Sewer    | Noticed Purgy
  6375 | Sewer    | Killed Purgy
  6658 | D:5      | Found a glowing golden altar of the Shining One.
  6822 | D:5      | Reached skill level 8 in Spellcasting
  6969 | D:5      | Found a staircase to the Ecumenical Temple.
  6978 | Temple   | Entered the Ecumenical Temple
  7027 | Temple   | Became a worshipper of Dithmenos the Shadowed
  7205 | D:6      | Reached XP level 9. HP: 61/61 MP: 0/0
  7205 | D:6      | Learned a level 3 spell: Conjure Flame
  7220 | D:6      | Noticed Menkaure
  7235 | D:6      | Killed Menkaure
  7236 | D:6      | Reached skill level 9 in Spellcasting
  7365 | D:6      | Found a snail-covered altar of Cheibriados.
  7454 | D:6      | Found a blossoming altar of Fedhas.
  7714 | D:7      | Identified the +1 robe of Past Mistakes {Rampage}
  7955 | D:7      | Found a bloodstained altar of Trog.
  7971 | D:7      | Reached * piety under Dithmenos
  8036 | D:7      | Reached skill level 10 in Spellcasting
  8103 | D:7      | Noticed Prince Ribbit
  8107 | D:7      | Killed Prince Ribbit
  8602 | D:8      | Reached XP level 10. HP: 69/69 MP: 0/0
  8605 | D:8      | Noticed Grum
  8611 | D:8      | Killed Grum
  8611 | D:8      | Reached ** piety under Dithmenos
  8913 | D:8      | Reached skill level 11 in Spellcasting
  9358 | D:9      | Reached skill level 5 in Fighting
  9433 | D:9      | Noticed Joseph
  9437 | D:9      | Killed Joseph
 10052 | D:10     | Entered Level 10 of the Dungeon
 10059 | D:10     | Found a stormy altar of Qazlal.
 10123 | D:10     | Noticed an orange demon
 10128 | D:10     | Reached *** piety under Dithmenos
 10129 | D:10     | Reached XP level 11. HP: 29/76 MP: 0/0
 10129 | D:10     | Learned a level 5 spell: Alistair's Intoxication
 10134 | D:10     | Reached skill level 12 in Spellcasting
 10202 | D:10     | Noticed a two-headed ogre
 10213 | D:10     | Killed a two-headed ogre
 10271 | D:10     | Found Gahaecvo's Assorted Antiques.
 10296 | D:10     | Found an iron altar of Okawaru.
 10391 | D:10     | Found Johympoe's Antique Weapon Shop.
 10481 | D:10     | Reached skill level 5 in Dodging
 10675 | D:10     | Found a shimmering altar of Xom.
 10823 | D:11     | Noticed a manticore
 10823 | D:11     | Noticed a two-headed ogre
 10839 | D:10     | Killed a two-headed ogre
 10899 | D:11     | Killed a manticore
 10955 | D:11     | Noticed Josephine
 10959 | D:11     | Killed Josephine
 10960 | D:11     | Reached skill level 13 in Spellcasting
 11039 | D:11     | Reached **** piety under Dithmenos
 11040 | D:11     | Reached XP level 12. HP: 84/84 MP: 0/0
 11136 | D:11     | Found a staircase to the Lair.
 11231 | D:11     | Found a portal to a secret trove of treasure.
 11443 | Lair:1   | Entered Level 1 of the Lair of Beasts
 11551 | Lair:1   | Noticed Gastronok
 11675 | Lair:1   | Killed Gastronok
 11676 | Lair:1   | Reached skill level 14 in Spellcasting
 11700 | Lair:1   | Noticed a death yak
 11700 | Lair:1   | Noticed a death yak
 11700 | Lair:1   | Noticed a death yak
 11707 | Lair:1   | Killed a death yak
 11712 | Lair:1   | Killed a death yak
 11801 | D:11     | Killed a death yak
 11963 | Lair:1   | Noticed a four-headed hydra
 11980 | Lair:1   | Slain by a five-headed hydra

Illustrated notes

Levels and vault maps discovered:
D:1:      dpeg_arrival_round_a, layout_basic,
          shapermc_ecumenical_altar_mp_ritualfount
D:2:      layout_loops_cross, basic_altar, kennysheep_generic_room_4,
          uniq_sigmund
D:3:      layout_rooms, lemuel_tele_altar
D:4:      layout_cave_pods, lemuel_round_altar, jmf_multi_god_temple,
          serial_shops, nicolae_shop_trees
D:5:      layout_rooms, amcnicky_altar_gilded, temple_hall,
          cheibrodos_sewer_entry_drain, uniq_blork_the_orc
D:6:      layout_cave_pools, cheibriados_altar_1, kennysheep_little_box,
          uniq_menkaure
D:7:      layout_basic, overflow_temple_1_default,
          lemuel_zombie_altar_kikubaaqudgha, minivault_22, minivault_19,
          uniq_prince_ribbit1
D:8:      layout_loops_cross, nicolae_two_hexagons, corexii_hall_statues_t,
          uniq_grum
D:9:      layout_basic, minmay_crystal_room, kennysheep_flooded_box, uniq_joseph
D:10:     layout_irregular_city, nicolae_qazlal_scattered_showers,
          old_standard_altar, okawaru_trees_2, serial_shops, shop,
          nicolae_shop_statue_plus, minmay_beelzebubs_servants
D:11:     layout_roguey, david_lair_shrubbed, nicolae_trove_entry_free_sample,
          uniq_josephine
Temple:   zaba_magenta_temple
Lair:1:   layout_chaotic_city, st_stairs_4, grunt_megastairs_2, uniq_gastronok

Skill      XL: |  1  2  3  4  5  6  7  8  9 10 11 12 |
---------------+-------------------------------------+-----
Spellcasting   | 4 5 6 7 8 10 11 13 14 | 14.4
Fighting       | 1 2 3 4 5 6 7 |  7.1
Armour         | 1 2 3 4 |  4.7
Stealth        | 2 3 4 |  4.7
Dodging        | 3 4 5 |  5.8

Action                   |  1- 3 |  4- 6 |  7- 9 | 10-12 || total
-------------------------+-------+-------+-------+-------++-------
Melee: Unarmed           |     4 |       |       |       ||     4
       Short sword       |     6 |       |       |       ||     6
       Trident           |     1 |     6 |       |       ||     7
       Flail             |       |    12 |    75 |    59 ||   146
       War axe           |       |       |     4 |       ||     4
       Demon blade       |       |       |       |    21 ||    21
Throw: Dart              |       |       |       |     1 ||     1
 Cast: Freeze            |    45 |    41 |    26 |    10 ||   122
       Pain              |    10 |    13 |     8 |       ||    31
       Frozen Ramparts   |     1 |     4 |    25 |    40 ||    70
       Hailstorm         |       |     4 |    14 |    35 ||    53
       Searing Ray       |       |       |    19 |    14 ||    33
       Ozocubu's Armour  |       |       |     5 |     3 ||     8
       Summon Ice Beast  |       |       |     8 |     7 ||    15
       Conjure Flame     |       |       |     7 |     4 ||    11
Evoke: Wand              |       |     1 |       |       ||     1
  Use: Scroll            |       |       |     9 |    11 ||    20
 Stab: Sleeping          |     2 |     1 |     4 |     1 ||     8
       Distracted        |       |       |     1 |       ||     1
Armor: Robe              |     3 |       |       |       ||     3
       Leather armour    |     3 |    14 |    18 |       ||    35
       Troll leather arm |       |       |    35 |    48 ||    83
Dodge: Dodged            |    24 |    40 |   132 |   143 ||   339
       Rpst.: Demon blade |       |       |       |    13 ||    13

Table legend: (Time is in decaauts)
 A = Elapsed time spent in this place.
 B = Non-inter-level travel time spent in this place.
 C = Inter-level travel time spent in this place.
 D = Time resting spent in this place.
 E = Time spent auto-exploring this place.
 F = Levels seen in this place.
 G = Mean time per level.
                   A        B        C        D        E       F      G
               +--------+--------+--------+--------+--------+-----+--------+
         Total |  12056 |  11689 |    367 |   2722 |   7011 |  14 |  861.1 |
       Dungeon |  11309 |  10954 |    355 |   2493 |   6782 |  11 | 1028.1 |
        Temple |     62 |     50 |     12 |      0 |     45 |   1 |   62.0 |
          Lair |    316 |    316 |      0 |    129 |     31 |   1 |  316.0 |
         Sewer |    368 |    368 |      0 |    100 |    153 |   1 |  368.0 |
               +--------+--------+--------+--------+--------+-----+--------+

Top non-repeatable levels by time:
     D:2: 2430 daAuts
     D:4: 1580 daAuts
     D:1: 1139 daAuts
     D:9: 881 daAuts
    D:10: 835 daAuts
     D:7: 826 daAuts
    D:11: 798 daAuts
     D:5: 796 daAuts
     D:3: 768 daAuts
     D:8: 700 daAuts
     D:6: 551 daAuts
   Sewer: 368 daAuts
  Lair:1: 316 daAuts
  Temple: 62 daAuts
